Match 48401110
Unlisted

Match 48401110
End
Construct Infanterie Kompanie
Selects Terror Battlegroup
Selects Machine Gun Camouflage
Grenadier Squad
Grenadier Squad
GrW 34 Mortar Team
MG 42 Machine Gun Team
Medical Station
MG 42 Machine Gun Team
Construct Luftwaffe Kompanie
Jäger Squad
Jäger Squad
Selects Defend the Fatherland
Jäger Squad
Construct Panzer Kompanie
Pioneer Squad
Selects Contempt for the Weak
Sturmpanzer IV Brummbär
Side Skirts
Jäger Squad
Construct Panzergrenadier Kompanie
Support Elements
Pioneer Squad
Nebelwerfer 42 Rocket Launcher Team
淡墨ヾ
SneaKerz
0
0

Comments sign in to comment!

No comments posted yet!